 Dungeon Crawl Stone Soup version 0.29.1-1-gd02db6906a (webtiles) character file.

Game seed: 13439166660554744725

346 LustLizard the Trooper (level 6, 0/48 HPs)
             Began as a Demonspawn Fighter on Oct 6, 2022.
             Slain by an iguana (7 damage)
             ... on level 4 of the Dungeon.
             The game lasted 00:04:06 (3547 turns).

LustLizard the Trooper (Demonspawn Fighter)         Turns: 3547, Time: 00:04:07

Health: 0/48       AC:  6    Str: 16    XL:     6   Next: 32%
Magic:  6/6        EV:  9    Int: 10    God:
Gold:   210        SH:  4    Dex: 14    Spells: 5/5 levels left

rFire   . . .      SeeInvis .   a - +1 long sword
rCold   . . .      Faith    .   c - +0 buckler
rNeg    . . .      Spirit   .   b - +0 scale mail
rPois   .          Reflect  .   (no helmet)
rElec   .          Harm     .   (no cloak)
rCorr   .          Rampage  .   (no gloves)
Will    .....                   (no boots)
Stlth   ..........              (no amulet)
HPRegen 0.16/turn               (no ring)
MPRegen 0.10/turn               (no ring)

@: no status effects
A: hooves 1, powered by pain 1
a: no special abilities


You were on level 4 of the Dungeon.
You visited 1 branch of the dungeon, and saw 4 of its levels.

You collected 210 gold pieces.

Inventory:

Hand Weapons
 a - a +1 long sword (weapon)
Missiles
 r - 25 stones (quivered)
 t - 6 boomerangs
Armour
 b - a +0 scale mail (worn)
 c - a +0 buckler (worn)
 n - a +0 plate armour
Jewellery
 v - an amulet of regeneration
Wands
 o - a wand of acid (6)
 u - a wand of digging (4)
Scrolls
 e - a scroll of teleportation {unknown}
 f - a scroll of enchant armour {unknown}
 g - a scroll of vulnerability {unknown}
 h - a scroll of immolation {unknown}
 j - a scroll of amnesia
 m - 2 scrolls of enchant weapon
 q - a scroll of noise {unknown}
 s - a scroll of summoning {unknown}
 x - a scroll of magic mapping {unknown}
Potions
 d - 2 potions of might
 i - 2 potions of curing
 k - 2 potions of haste
 l - 3 potions of flight
 p - a potion of mutation {unknown}
 w - 2 potions of ambrosia {unknown}


   Skills:
 + Level 4.0 Fighting
 * Level 4.0 Long Blades
 * Level 2.0 Throwing
 + Level 3.3 Armour
 + Level 2.1 Dodging
 - Level 2.6 Shields


You had 5 spell levels left.
You didn't know any spells.
Your spell library contained the following spells:

 Spells                   Type           Power      Damage    Failure   Level
 Dazzling Flash           Conj/Hex       0%         N/A       99%         3
 Gell's Gravitas          Tloc           0%         N/A       99%         3
 Teleport Other           Tloc           0%         N/A       99%         3
 Animate Armour           Summ/Erth      0%         N/A       100%        4
 Leda's Liquefaction      Hex/Erth       0%         N/A       100%        4
 Agony                    Necr           0%         N/A       100%        5
 Blade Hands              Tmut           0%         N/A       100%        5
 Metabolic Englaciation   Hex/Ice        0%         N/A       100%        5
 Silence                  Hex/Air        0%         N/A       100%        5
 Dispersal                Tloc           0%         N/A       100%        6
 Iron Shot                Conj/Erth      0%         9d1       100%        6
 Ozocubu's Refrigeration  Ice            0%         4d7       100%        7


Dungeon Overview and Level Annotations

Branches:
Dungeon (4/15)
 Temple: D:4-7

Altars:
Cheibriados

Shops:
D:3 :


Innate Abilities, Weirdness & Mutations

You have large cloven feet.
You sometimes gain a little power by taking damage.


Message History

An iguana comes into view.
The iguana hisses angrily.
The iguana barely misses you.
You closely miss the iguana. You kick the iguana.
The iguana is lightly wounded.
The iguana bites you. The iguana bites you!
You closely miss the iguana. You kick the iguana, but do no damage.
The iguana is lightly wounded.
The iguana barely misses you.
You hit the iguana.
The iguana is moderately wounded.
The iguana bites you!
You are too injured to fight recklessly!
You are too injured to fight recklessly!
You hit the iguana but do no damage. You kick the iguana.
The iguana is moderately wounded.
The iguana bites you.
You closely miss the iguana. You kick the iguana, but do no damage.
The iguana is moderately wounded.
The iguana bites you but does no damage.
The iguana bites you.
* * * LOW HITPOINT WARNING * * *
You barely miss the iguana. You kick the iguana, but do no damage.
The iguana is lightly wounded.
The iguana barely misses you.
You barely miss the iguana.
The iguana is lightly wounded.
The iguana bites you but does no damage.
You hit the iguana. You kick the iguana.
The iguana is heavily wounded.
You block the iguana's attack.
You closely miss the iguana.
The iguana is heavily wounded.
The iguana bites you.
* * * LOW HITPOINT WARNING * * *
You block the iguana's attack.
You hit the iguana. Your kick misses the iguana.
The iguana is almost dead.
The iguana bites you!
You die...

..### #...##....##..#...###.#.
..# #...##....##..#...# ... ..#
##....#....##..#...# ##. ....
..................#####. ..###
#....##.####............ ..#
#....##.####..#...## #. ..#
#.................#####. ..#
#....##.#............... ..#
#....##@####..#..##.###.
..########....##l####..#..##.###.
.................................
#.#########.#.##.####............
#.# #.#.##.####.##..######. ..#
#.#.##...........#####. ###
#......#######.........
###.............<#####.
####.#######.### #.


You could see an iguana.

Vanquished Creatures
  A necrophage (D:4)
  2 hounds (D:4)
  2 orc wizards (D:4)
  A mummy (D:3)
  3 gnolls (D:3)
  6 adders
  2 worms
  3 dart slugs
  2 orcs
  4 ball pythons
  4 endoplasms
  5 giant cockroaches
  9 goblins
  6 hobgoblins
  12 bats
  5 kobolds
  7 rats
74 creatures vanquished.

Notes
Turn   | Place    | Note
-------+----------+-------------------------------------------
     0 | D:1      | LustLizard the Demonspawn Fighter began the quest for the
                  | Orb.
     0 | D:1      | Reached XP level 1. HP: 18/18 MP: 1/1
   213 | D:1      | Gained mutation: You have large cloven feet. [demonic
                  | ancestry]
   213 | D:1      | Reached XP level 2. HP: 24/24 MP: 2/2
   703 | D:1      | Reached skill level 1 in Dodging
   712 | D:1      | Reached XP level 3. HP: 21/29 MP: 3/3
  1153 | D:2      | Got Fonoiwka's Quarto of Congealing Guile
  1624 | D:2      | Reached XP level 4. HP: 30/35 MP: 4/4
  2237 | D:3      | Found a snail-covered altar of Cheibriados.
  2423 | D:3      | Reached XP level 5. HP: 23/42 MP: 5/5
  2425 | D:3      | Reached skill level 1 in Throwing
  2740 | D:3      | Found Ataniur's Book Shop.
  3148 | D:4      | Gained mutation: You sometimes gain a little power by
                  | taking damage. [demonic ancestry]
  3148 | D:4      | Reached XP level 6. HP: 47/48 MP: 6/6
  3547 | D:4      | Slain by an iguana

Illustrated notes

Levels and vault maps discovered:
D:1:      amcnicky_arrival_double_pillar, layout_basic, minmay_tall_x
D:2:      layout_loops_ring, kennysheep_small_spiral, kennysheep_doodads
D:3:      layout_rooms, slow_altar_1, serial_shops, shop
D:4:      layout_basic, minmay_manual_monstrance

Skill      XL: |  1  2  3  4  5  6 |
---------------+-------------------+-----
Long Blades    | 2 3 4 |  4.0
Dodging        | 1 2 |  2.1
Armour         | 3 |  3.3
Throwing       | 1 2 |  2.0
Fighting       | 4 |  4.0
Shields        | |  2.6

Action                   |  1- 3 |  4- 6 || total
-------------------------+-------+-------++-------
Melee: Long sword        |   113 |   109 ||   222
       Kick              |    11 |    30 ||    41
  Use: Scroll            |     2 |     3 ||     5
Armor: Scale mail        |    53 |    38 ||    91
Dodge: Dodged            |    61 |    51 ||   112
Block: Buckler           |    21 |    17 ||    38
